 Dungeon Crawl Stone Soup version 0.25.1-8-g42b30a86e7 (webtiles) character file.

Game seed: 8922761262843821848

1847 ruwin the Spear-Bearer (level 9, 0/68 HPs)
             Began as a Merfolk Gladiator on Dec 3, 2020.
             Was a Believer of Okawaru.
             Slain by a vampire (13 damage)
             ... on level 7 of the Dungeon on Dec 8, 2020.
             The game lasted 00:21:19 (7457 turns).

ruwin the Spear-Bearer (Merfolk Gladiator)          Turns: 7457, Time: 00:21:20

Health: 0/68       AC:  5    Str: 14    XL:     9   Next: 12%
Magic:  9/9        EV: 16    Int: 11    God:    Okawaru [**....]
Gold:   182        SH:  0    Dex: 17    Spells: 2/8 levels left

rFire    + . .     SeeInvis .   a - +1 trident
rCold    x . .     Gourm    .   (no shield)
rNeg     . . .     Faith    .   s - +0 steam dragon scales
rPois    .         Spirit   .   (helmet restricted)
rElec    .         Reflect  .   (no cloak)
rCorr    .         Harm     .   (no gloves)
MR       +....                  (no boots)
Stlth    +++.......             (no amulet)
HPRegen  0.21/turn              x - ring of fire
MPRegen  0.11/turn              (no ring)

@: very slightly contaminated, invisible
A: change form in water, swift swim, stealthy swim, horns 1, clever 1, magic
resistance 1
a: Heroism, Renounce Religion


You were on level 7 of the Dungeon.
You worshipped Okawaru.
Okawaru was pleased with you.
You were not hungry.

You visited 1 branch of the dungeon, and saw 7 of its levels.

You collected 182 gold pieces.

Inventory:

Hand Weapons
 a - a +1 trident (weapon)
 o - a +0 glaive
Missiles
 t - 9 boomerangs
 v - 6 javelins (quivered)
Armour
 s - +0 steam dragon scales (worn)
Magical Staves
 q - an uncursed staff of earth
Jewellery
 x - a ring of fire (left hand)
Wands
 j - a wand of polymorph (3)
 r - a wand of clouds (2)
Scrolls
 h - 2 scrolls of teleportation
 i - a scroll of fear
 m - a scroll of amnesia
 n - a scroll of identify
 p - 2 scrolls of remove curse
Potions
 e - 2 potions of flight
 g - 2 potions of curing
 k - a potion of lignification
Comestibles
 b - 8 chunks of flesh
 f - 5 rations


   Skills:
 + Level 5.3 Fighting
 + Level 11.1 Polearms
 + Level 3.3 Throwing
 - Level 3.6 Armour
 + Level 6.0 Dodging
 - Level 4.1 Stealth
 + Level 0.1 Spellcasting
 + Level 0.2 Translocations


You had 2 spell levels left.
You knew the following spells:

 Your Spells              Type           Power        Failure   Level  Hunger
a - Ignite Poison         Fire/Tmut/Pois #.......     71%         3    ####...
b - Blink                 Tloc           N/A          45%         2    ###....
c - Magic Dart            Conj           #...         34%         1    ##.....

Your spell library contained the following spells:

 Spells                   Type           Power        Failure   Level  Hunger
 Call Imp                 Summ           #.......     47%         2    ###....
 Searing Ray              Conj           #.....       47%         2    ###....
 Slow                     Hex            #.......     47%         2    ###....
 Conjure Flame            Conj/Fire      #.......     71%         3    ####...
 Dazzling Flash           Conj/Hex       #.....       71%         3    ####...
 Mephitic Cloud           Conj/Pois/Air  #.......     71%         3    ####...
 Fulminant Prism          Conj/Hex       #.........   98%         4    #####..
 Iskenderun's Mystic Bla  Conj/Tloc      #.......     98%         4    #####..
 Borgnjor's Vile Clutch   Necr/Erth      #.........   100%        5    ######.
 Eringya's Noxious Bog    Tmut/Pois      #.........   100%        6    #######
 Iron Shot                Conj/Erth      #.........   100%        6    #######


Dungeon Overview and Level Annotations

Branches:
Dungeon (7/15)             Temple (0/1) D:6

Altars:
Elyvilon
Fedhas
Kikubaaqudgha
Okawaru
Ru
Vehumet
Xom

Shops:
D:5 *

Annotations:
D:5 Pikel


Innate Abilities, Weirdness & Mutations

You revert to your normal form in water.
You are very nimble and swift while swimming.
You are very stealthy in the water. (Stealth+)
You have a pair of small horns on your head.
Your mind is acute. (Int +2)
You are resistant to hostile enchantments. (MR+)


Message History

Something draws strength from your injuries!
You puncture something! Something hits you but does no damage.
Something bites you.
Something draws strength from your injuries!
You barely miss something. You headbutt something. Something barely misses you.
Something bites you.
Something draws strength from your injuries!
You fade into invisibility!
Something barely misses you. Something bites you but does no damage.
You are very lightly contaminated with residual magic.
You miss something. You hit something but do no damage.
Your headbutt misses something.
You hear some strange, mumbled words.
Something tries to affect you, but you resist.
You closely miss something. Something hits you but does no damage.
Something bites you!
* * * LOW HITPOINT WARNING * * *
Something draws strength from your injuries!
You barely miss something. You headbutt something. Something hits you!
You die...

#### ..# .#. #
####>##..... #.
#...@{..# ..
#.##.##.#### ..
#.......#
...#########.#.###
...#.......#.#.# #
.............#.. .#
.......().#######.#
.............#....
.....รท...#...#..#


There were no monsters in sight!

Vanquished Creatures
  Maggie (D:6)
  Menkaure (D:5)
  A centaur (D:5)
  5 ogres
  3 bullfrogs
  Blork the orc (D:6)
  2 howler monkeys (D:4)
  A bullfrog zombie (D:6)
  A hound (D:4)
  An orc priest (D:4)
  2 jellies
  4 orc wizards
  3 worker ants
  A worker ant zombie (D:6)
  7 gnolls
  8 adders
  A worm (D:2)
  3 dart slugs
  7 leopard geckos
  16 orcs
  2 ball pythons
  2 giant cockroaches (D:3)
  8 goblins
  12 hobgoblins
  10 jackals
  6 kobolds
  8 bats
  6 frilled lizards
  9 rats
132 creatures vanquished.

Vanquished Creatures (others)
  A plant (D:5)
1 creature vanquished.

Grand Total: 133 creatures vanquished

Notes
Turn   | Place    | Note
-------+----------+-------------------------------------------
     0 | D:1      | ruwin the Merfolk Gladiator began the quest for the Orb.
     0 | D:1      | Reached XP level 1. HP: 16/16 MP: 1/1
   174 | D:1      | Reached XP level 2. HP: 7/22 MP: 2/2
   481 | D:1      | Reached skill level 5 in Polearms
   647 | D:1      | Reached XP level 3. HP: 24/27 MP: 3/3
  1746 | D:2      | Found a radiant altar of Vehumet.
  1764 | D:2      | Reached XP level 4. HP: 29/34 MP: 4/4
  2257 | D:2      | Reached skill level 6 in Polearms
  2769 | D:2      | Reached XP level 5. HP: 39/39 MP: 5/5
  2913 | D:2      | Found an iron altar of Okawaru.
  2921 | D:2      | Became a worshipper of Warmaster Okawaru
  3039 | D:3      | Reached skill level 1 in Armour
  3060 | D:3      | Reached skill level 1 in Stealth
  3486 | D:3      | Reached skill level 5 in Dodging
  3807 | D:4      | Found an ancient bone altar of Kikubaaqudgha.
  3818 | D:4      | Reached skill level 7 in Polearms
  3825 | D:4      | Reached XP level 6. HP: 35/47 MP: 6/6
  4214 | D:4      | Identified Sif Muna's Almanac of Ashen Venom
  4220 | D:4      | Learned a level 3 spell: Ignite Poison
  4272 | D:4      | Found a white marble altar of Elyvilon.
  4460 | D:4      | Learned a level 2 spell: Blink
  4483 | D:4      | Reached * piety under Okawaru
  4483 | D:4      | Reached XP level 7. HP: 49/52 MP: 7/7
  4852 | D:4      | Gained mutation: Your mind is acute. (Int +2) [potion of
                  | mutation]
  4852 | D:4      | Gained mutation: You are resistant to hostile enchantments.
                  | (MR+) [potion of mutation]
  4852 | D:4      | Gained mutation: You have a pair of small horns on your
                  | head. [potion of mutation]
  4855 | D:5      | Entered Level 5 of the Dungeon
  5056 | D:5      | Reached skill level 8 in Polearms
  5095 | D:5      | Noticed Menkaure
  5172 | D:5      | Killed Menkaure
  5540 | D:5      | Found Zyvvar's Assorted Antiques.
  5544 | D:5      | Noticed Pikel
  5545 | D:5      | Reached skill level 9 in Polearms
  5545 | D:5      | Reached XP level 8. HP: 41/60 MP: 8/8
  5869 | D:6      | Reached ** piety under Okawaru
  6100 | D:6      | Noticed Blork the orc
  6107 | D:6      | Killed Blork the orc
  6123 | D:6      | Reached skill level 10 in Polearms
  6631 | D:6      | Found a shimmering altar of Xom.
  6632 | D:6      | Found a blossoming altar of Fedhas.
  6761 | D:6      | Found a staircase to the Ecumenical Temple.
  6809 | D:6      | Noticed Maggie
  6850 | D:6      | Killed Maggie
  6850 | D:6      | Reached skill level 5 in Fighting
  6850 | D:6      | Reached XP level 9. HP: 28/68 MP: 9/9
  7092 | D:6      | Learned a level 1 spell: Magic Dart
  7200 | D:6      | Found a sacrificial altar of Ru.
  7373 | D:7      | Reached skill level 11 in Polearms
  7457 | D:7      | Slain by a vampire

Illustrated notes

Levels and vault maps discovered:
D:1:      dpeg_arrival_short_road, layout_loops_ring, minmay_nonomino_d4
D:2:      layout_basic, fiery_altar_vehumet, okawaru_altar_gauntlet_db,
          grunt_ministairs_4
D:3:      layout_rooms, first_ration, chequers_big_river, uniq_sigmund
D:4:      layout_rooms, nicolae_overflow_hidden_temple, lemuel_crystal_altar
D:5:      layout_cave_pools, grunt_temple_overflow_diamond, serial_shops,
          nicolae_shop_overgrown_old_shop, serial_rivers,
          chequers_serial_rivers_micro_e, chequers_serial_rivers_micro_a,
          chequers_serial_rivers_small_b, chequers_serial_rivers_marsh,
          chequers_serial_rivers_micro_a, chequers_serial_rivers_room_a,
          minmay_misc_feat_doors, serial_park_tiny_1, st_stairs_13, uniq_pikel,
          uniq_menkaure
D:6:      layout_basic, nicolae_ru_the_path_less_chosen,
          gammafunk_temple_overflow_statue, minmay_temple_entry_butterflies,
          chequers_mini_garden, uniq_blork_the_orc, uniq_maggie
D:7:      layout_loops_cross, enter_ossuary_4

Skill      XL: |  1  2  3  4  5  6  7  8  9 |
---------------+----------------------------+-----
Polearms       | 5 6 7 9 10 11 | 11.1
Armour         | 1 2 3 |  3.6
Stealth        | 1 2 4 |  4.1
Dodging        | 5 6 |  6.0
Fighting       | 3 5 |  5.3
Throwing       | 3 |  3.3
Spellcasting   | |  0.1
Translocations | |  0.2

Action                   |  1- 3 |  4- 6 |  7- 9 || total
-------------------------+-------+-------+-------++-------
Melee: Trident           |   139 |   241 |   228 ||   608
       Headbutt          |       |       |    37 ||    37
       Tailslap          |       |       |     4 ||     4
Throw: Boomerang         |       |     5 |       ||     5
       Throwing net      |       |     2 |     4 ||     6
       Javelin           |       |       |     3 ||     3
  Use: Potion            |       |     5 |     2 ||     7
       Scroll            |       |       |    16 ||    16
 Stab: Sleeping          |     1 |     1 |       ||     2
       Held in net/web   |       |     3 |     3 ||     6
  Eat: Chunk             |     2 |     8 |     1 ||    11
       Ration            |       |     1 |     2 ||     3
Armor: Leather armour    |    19 |    45 |       ||    64
       Chain mail        |       |     3 |    25 ||    28
       Steam dragon scal |       |       |     6 ||     6
Dodge: Dodged            |    80 |   192 |    53 ||   325
